 Dungeon Crawl Stone Soup version 0.30-a0-728-gc68057be0a (webtiles) character file.

Game seed: 969115993692032801

18 lunkers the Slasher (level 3, -1/31 HPs)
             Began as a Meteoran Fighter on Jan 30, 2023.
             Slain by a frilled lizard (3 damage)
             ... on level 1 of the Dungeon.
             The game lasted 00:00:35 (120 turns).

lunkers the Slasher (Meteoran Fighter)               Turns: 120, Time: 00:00:36

Health: -1/31      AC:  6    Str: 17    XL:     3   Next: 5%
Magic:  4/4        EV:  9    Int: 10    God:
Gold:   21         SH:  5    Dex: 15    Spells: 2/2 levels left

rFire   . . .      SeeInvis .    a - +0 long sword
rCold   . . .      Faith    .    c - +0 buckler
rNeg    . . .      Spirit   .    b - +0 scale mail
rPois   .          Reflect  .    (no helmet)
rElec   .          Harm     .    (no cloak)
rCorr   .          Rampage  .    (no gloves)
Will    .....                    (no boots) Stlth
                                 (no amulet)
HPRegen 0.25/turn                (no ring)
MPRegen 0.09/turn                (no ring)

@: glowing
A: sense surroundings 1, otherworldly, glowing, explore regen
a: no special abilities


You were on level 1 of the Dungeon.
You visited 1 branch of the dungeon, and saw 1 of its levels.

You collected 21 gold pieces.

Inventory:

Hand Weapons
 a - a +0 long sword (weapon)
Armour
 b - a +0 scale mail (worn)
 c - a +0 buckler (worn)
Scrolls
 e - a scroll of fog {unknown}
Potions
 d - a potion of might


   Skills:
 - Level 3.2 Fighting
 + Level 3.9 Long Blades
 - Level 3.6 Armour
 - Level 3.6 Shields


You had 2 spell levels left.
You didn't know any spells.
Your spell library was empty.

Dungeon Overview and Level Annotations

Branches:
Dungeon (1/15) Zot: 467

Altars:


Innate Abilities, Weirdness & Mutations

You passively map a small area around you.
You are easily found by Zot.
You glow in the dark.
You regain HP and MP as you explore.


Message History

Unknown command.
Unknown command.
You closely miss the frilled lizard.
The frilled lizard is heavily wounded.
You block the frilled lizard's attack.
The frilled lizard bites you but does no damage.
The frilled lizard barely misses you. You block the frilled lizard's attack.
Unknown command.
You barely miss the frilled lizard.
The frilled lizard is heavily wounded.
You block the frilled lizard's attack.
The frilled lizard bites you but does no damage. x2
You block the frilled lizard's attack.
Unknown command.
You closely miss the frilled lizard. You block the frilled lizard's attack.
The frilled lizard bites you but does no damage. x5
The frilled lizard bites you.
* * * LOW HITPOINT WARNING * * *
The frilled lizard bites you.
* * * LOW HITPOINT WARNING * * *
You barely miss the frilled lizard.
The frilled lizard is heavily wounded.
The frilled lizard bites you but does no damage.
The frilled lizard closely misses you.
The frilled lizard bites you but does no damage. x2
Unknown command.
You completely miss the frilled lizard.
The frilled lizard is heavily wounded.
The frilled lizard bites you but does no damage.
You block the frilled lizard's attack.
The frilled lizard bites you but does no damage.
The frilled lizard bites you.
* * * LOW HITPOINT WARNING * * *
Unknown command.
You miss the frilled lizard.
The frilled lizard is heavily wounded.
You block the frilled lizard's attack.
The frilled lizard bites you but does no damage.
The frilled lizard bites you.
You die...

~~~~.#.**.# ,
~~~...(##. , ..........
, .$.!.....# .........#
,............## ,
..........)lr#
............lll#
...........lll@#
#.............ll## .
#.....#......l## #
*#..###.......# ###
#....#.......######
..###.##.†............#
...##.##..............#
.#.##......#..........#
.#.##..#...##...#.....#


You could see 10 frilled lizards and a rat.

Vanquished Creatures
  2 ball pythons (D:1)
  An endoplasm (D:1)
  2 giant cockroaches (D:1)
  2 goblins (D:1)
  3 bats (D:1)
  4 frilled lizards (D:1)
  3 kobolds (D:1)
17 creatures vanquished.

Notes
Turn   | Place    | Note
-------+----------+-------------------------------------------
     0 | D:1      | lunkers the Meteoran Fighter began the quest for the Orb.
     0 | D:1      | Reached XP level 1. HP: 19/19 MP: 2/2
    53 | D:1      | Reached XP level 2. HP: 26/26 MP: 3/3
   109 | D:1      | Reached XP level 3. HP: 15/31 MP: 4/4
   120 | D:1      | Slain by a frilled lizard

Illustrated notes

Levels and vault maps discovered:
D:1:      erik_arrival_triangle_small, layout_rooms,
          ebering_ecumenical_altar_petrified, minmay_lizard_pond

Skill      XL: |  1 |
---------------+----+-----
Long Blades    | 3 |  3.9
Fighting       | |  3.2
Armour         | |  3.6
Shields        | |  3.6

Action                     || total
---------------------------++-------
  Melee: Long sword        ||    45
 Armour: Scale mail        ||    68
  Dodge: Dodged            ||    39
  Block: Buckler           ||    24

Table legend: (Time is in decaauts)
 A = Elapsed time spent in this place.
 B = Non-inter-level travel time spent in this place.
 C = Inter-level travel time spent in this place.
 D = Time resting spent in this place.
 E = Time spent auto-exploring this place.
 F = Levels seen in this place.
 G = Mean time per level.
                   A        B        C        D        E       F      G
               +--------+--------+--------+--------+--------+-----+--------+
         Total |    131 |    131 |      0 |      0 |     47 |   1 |  131.0 |
       Dungeon |    131 |    131 |      0 |      0 |     47 |   1 |  131.0 |
               +--------+--------+--------+--------+--------+-----+--------+

Top non-repeatable levels by time:
     D:1: 131 daAuts
